 Dungeon Crawl Stone Soup version 0.25-a0-471-g78e40d7af6 (webtiles) character file.

Game seed: 7097352672647283013, levelgen mode: deterministic

814 Eurus the Magician (level 7, 0/55 HPs)
             Began as a Mummy Conjurer on Feb 6, 2020.
             Shot with an arrow by a centaur (8 damage)
             ... on level 5 of the Dungeon.
             The game lasted 00:12:34 (5622 turns).

Eurus the Magician (Mummy Conjurer)                 Turns: 5622, Time: 00:12:35

Health: 0/55       AC:  6    Str: 11    XL:     7   Next: 62%
Magic:  16/16      EV: 12    Int: 17    God:
Gold:   332        SH:  0    Dex: 12    Spells: 15/18 levels left

rFire    x . .     SeeInvis .   l - +3 quarterstaff (chaos)
rCold    + . .     Gourm    .   (shield currently unavailable)
rNeg     + + +     Faith    .   a - +0 robe
rPois    ∞         Spirit   .   g - +0 helmet
rElec    .         Reflect  .   m - +0 cloak
rCorr    .         Harm     .   i - +1 pair of gloves
MR       .....                  (no boots)
Stlth    ++........             (no amulet)
HPRegen  0.18/turn              (no ring)
MPRegen  0.15/turn              (no ring)

@: no status effects
A: no food or potions, fire vulnerability, cold resistance 1, negative energy
resistance 3, torment resistance, unbreathing
a: no special abilities


You were on level 5 of the Dungeon.
You were not hungry.

You visited 1 branch of the dungeon, and saw 5 of its levels.

You collected 332 gold pieces.

Inventory:

Hand Weapons
 l - a +3 quarterstaff of chaos (weapon)
Armour
 a - a +0 robe (worn)
 g - a +0 helmet (worn)
 i - a +1 pair of gloves (worn)
 m - a +0 cloak (worn)
Jewellery
 c - an uncursed ring of magical power {unknown}
 e - an uncursed ring of wizardry {unknown}
Wands
 n - a wand of enslavement (6)
Scrolls
 b - 2 scrolls of remove curse {unknown}
 d - 3 scrolls of identify
 f - 2 scrolls of noise {unknown}
 h - a scroll of blinking {unknown}
 j - a scroll of teleportation
 k - a scroll of enchant weapon {unknown}


   Skills:
 + Level 4.7 Fighting
 - Level 1.5 Dodging
 - Level 1.5 Stealth
 + Level 6.4 Spellcasting
 + Level 5.3 Conjurations


You had 15 spell levels left.
You knew the following spells:

 Your Spells              Type           Power        Failure   Level  Hunger
a - Magic Dart            Conj           ###.         1%          1    N/A
b - Searing Ray           Conj           ###...       1%          2    N/A

Your spell library contained the following spells:

 Spells                   Type           Power        Failure   Level  Hunger
 Dazzling Flash           Conj/Hex       ##....       12%         3    N/A
 Fulminant Prism          Conj/Hex       ##........   38%         4    N/A
 Iskenderun's Mystic Bla  Conj/Tloc      ##......     38%         4    N/A

Dungeon Overview and Level Annotations

Branches:
Dungeon (5/15)
 Temple: D:4-7

Altars:
Qazlal

Annotations:
D:3 1 runed translucent door, tabo's ghost, amateur HOMo


Innate Abilities, Weirdness & Mutations

You do not eat or drink.
Your flesh is vulnerable to fire.
You are immune to poison.
Your flesh is cold resistant. (rC+)
You are immune to negative energy. (rN+++)
You are immune to unholy pain and torment.
You can survive without breathing.


Message History

A bullfrog zombie comes into view.
A worker ant comes into view.
The orc misses you.
A leopard gecko comes into view.
A hound zombie comes into view.
The worker ant twitches its antennae in your direction.
A giant cockroach and an orc come into view.
You hit the worker ant but do no damage.
The worker ant completely misses you. The bullfrog zombie closely misses you.
The orc closely misses you. The orc closely misses you.
The worker ant misses you.
A centaur comes into view. It is wielding a +0 dagger.
The centaur shouts!
The centaur unwields a +0 dagger.
The centaur wields a +0 shortbow.
The centaur shoots an arrow.
The arrow hits you!
* * * LOW HITPOINT WARNING * * *
The centaur shoots an arrow.
The arrow barely misses you.
You see here 2 arrows.
The centaur drinks a potion.
The centaur suddenly seems more agile.
The centaur shoots an arrow.
The arrow hits you!
You die...

######### ###########
#.......# .###..'......##
#.......# 8.'# #......#.##
#.......# ..# ##..sZlo##@#
#.......# ..#.h
#'.Z.###(a.# ####...## 8.S#
#.#...# #...#### #...#
..#.#. #...##....#..# #...#
.S# #'###...c..#..###...#
.'# ..# #......#........#
###.# #.......#....#...#
##################..###...#
........#...........# #...#


You could see a centaur and a worker ant.

Vanquished Creatures
  2 ogres
  A necrophage (D:4)
  A centaur (D:4)
  A howler monkey (D:4)
  A hound (D:4)
  An orc priest (D:3)
  2 orc wizards (D:5)
  Crazy Yiuf (D:2)
  An iguana (D:5)
  4 worker ants
  3 gnolls
  6 adders
  An ooze (D:1)
  An adder skeleton (D:5)
  A worm (D:2)
  5 dart slugs
  4 leopard geckos
  4 orcs
  5 giant cockroaches
  6 goblins
  4 hobgoblins
  6 jackals
  9 kobolds
  A quokka (D:3)
  A ball python (D:3)
  4 frilled lizards
  A jackal skeleton (D:4)
  A leopard gecko skeleton (D:4)
  7 rats
85 creatures vanquished.

Notes
Turn   | Place    | Note
-------+----------+-------------------------------------------
     0 | D:1      | Eurus the Mummy Conjurer began the quest for the Orb.
     0 | D:1      | Reached XP level 1. HP: 13/13 MP: 4/4
   460 | D:1      | Reached skill level 3 in Spellcasting
   460 | D:1      | Reached XP level 2. HP: 20/20 MP: 0/6
   465 | D:1      | Learned a level 2 spell: Searing Ray
   744 | D:1      | Reached skill level 1 in Fighting
  1515 | D:2      | Reached XP level 3. HP: 26/26 MP: 3/7
  1990 | D:2      | Found a runed translucent door.
  1991 | D:2      | Noticed Crazy Yiuf
  2428 | D:3      | Found a runed translucent door.
  2428 | D:3      | Noticed tabo's ghost (amateur HOMo)
  2535 | D:3      | Reached XP level 4. HP: 7/33 MP: 0/9
  2867 | D:3      | Reached skill level 4 in Spellcasting
  3674 | D:4      | Noticed an ogre
  3697 | D:4      | Reached XP level 5. HP: 33/39 MP: 5/11
  3811 | D:2      | Killed Crazy Yiuf
  4572 | D:5      | Entered Level 5 of the Dungeon
  4572 | D:5      | Noticed an ogre
  4613 | D:5      | Reached skill level 5 in Spellcasting
  4613 | D:5      | Reached XP level 6. HP: 47/47 MP: 6/13
  5013 | D:4      | Reached XP level 7. HP: 27/54 MP: 1/15
  5185 | D:5      | Reached skill level 5 in Conjurations
  5228 | D:4      | Reached skill level 6 in Spellcasting
  5310 | D:5      | Noticed a two-headed ogre
  5470 | D:5      | Found a stormy altar of Qazlal.
  5622 | D:5      | Shot with an arrow by a centaur

Levels and vault maps discovered:
D:1:      evilmike_arrival_rings, layout_loops_corners, st_stairs_7
D:2:      layout_loops_ring, uniq_crazy_yiuf_cottage
D:3:      layout_basic, serial_glass, glass_columns_b, glass_columns_a,
          glass_columns_b, glass_columns_b, glass_columns_c, glass_columns_a,
          glass_columns_b, glass_columns_a, hellmonk_ghost_happy_afterlife,
          fountainhead, minmay_fountain_box, minmay_puff
D:4:      layout_rooms, first_ration
D:5:      minmay_chambers_of_threes, layout_rooms,
          nicolae_overflow_hidden_temple

Skill      XL: |  1  2  3  4  5  6  7 |
---------------+----------------------+-----
Spellcasting   | 3 4 5 6 |  6.4
Fighting       | 1 2 3 4 |  4.7
Conjurations   | 4 5 |  5.3
Dodging        | |  1.5
Stealth        | |  1.5

Action                   |  1- 3 |  4- 6 |  7- 9 || total
-------------------------+-------+-------+-------++-------
Melee: Unarmed           |     4 |       |       ||     4
       Dagger            |    37 |    19 |       ||    56
       Quarterstaff      |       |    12 |     5 ||    17
 Cast: Magic Dart        |    47 |    55 |    16 ||   118
       Searing Ray       |     5 |    17 |     7 ||    29
  Use: Scroll            |       |       |     2 ||     2
 Stab: Sleeping          |     3 |     3 |       ||     6
Armor: Robe              |     5 |    21 |     1 ||    27
Dodge: Dodged            |    22 |    55 |    13 ||    90

Table legend:
 A = Non-vault XP
 B = Vault XP
 C = Vault XP percentage of total XP
 D = Non-vault monster count
 E = Vault monster count
 F = Vault count percentage of total count
                 A         B        C        D         E       F
            +---------+---------+-------+---------+---------+-------
      Total |    1102 |      62 |   5.3 |      78 |       7 |   8.2
            +---------+---------+-------+---------+---------+-------
        D:1 |      37 |       2 |   5.1 |      15 |       1 |   6.2
        D:2 |      23 |      37 |  61.7 |       9 |       1 |  10.0
        D:3 |     133 |      10 |   7.0 |      27 |       4 |  12.9
        D:4 |     581 |       0 |   0.0 |      18 |       0 |   0.0
        D:5 |     328 |      13 |   3.8 |       9 |       1 |  10.0
            +---------+---------+-------+---------+---------+-------
